Map: Flashback EE

Players

MrFercho

  • Race: Zerg Zerg
  • League: Gold
  • Spawn Location: 11:00

tigro

  • Race: Terran Terran
  • League: Bronze
  • Spawn Location: 11:00

TATORREA

  • Race: Protoss Protoss
  • League: Gold
  • Spawn Location: 9:00

Geno

  • Race: Zerg Zerg
  • League: Platinum
  • Spawn Location: 7:00

TaoPaiPai

  • Race: Protoss Protoss
  • Spawn Location: 7:00

ClauPGO

  • Race: Terran Terran
  • Spawn Location: 7:00

VOD

Have the link to the VOD?

Description

Time

  • Played on: Aug. 17, 2020, 9:47 p.m.
  • Length: 5:59
Show
View Real Time Build Order
Export as new Build Order

MrFercho Zerg 

Build Orders: Hatch First 

Get SALT Encoding   

  12  0:00  Drone  
  13  0:28  Overlord  
  13  0:29  Drone  
  14  0:56  Drone x3  
  17  1:13  Drone  
  17  1:15  Extractor  
  17  1:19  Hatchery  
  17  1:20  Spawning Pool  
  17  1:21  Drone  
  16  1:28  Drone  
  17  1:39  Drone  
  18  1:57  Drone  
  19  2:12  Drone x2  
  21  2:19  Metabolic Boost  
  21  2:23  Drone  
  22  2:31  Drone  
  22  2:32  Drone  
  22  2:33  Queen  
  22  2:34  Queen  
  28  2:42  Overlord  
  28  2:45  Overlord  
  28  3:01  Drone x2  
  28  3:04  Drone  
  32  3:05  Drone  
  32  3:12  Lair  
  32  3:14  Queen  
  32  3:16  Drone x2  
  36  3:25  Drone  
  36  3:26  Drone  
  38  3:40  Drone x2  
  40  3:45  Drone x2  
  40  3:46  Drone  
  40  3:47  Drone  
  44  3:51  Extractor, Overlord x3  
  44  3:54  Pneumatized Carapace  
  43  3:57  Extractor  
  43  4:01  Drone  
  43  4:20  Zergling x4, Hydralisk Den  
  43  4:21  Zergling x8  
  48  4:32  Drone x2  
  48  4:34  Baneling Nest  
  49  5:06  Zergling x14  
  50  5:15  Zergling x6  
  50  5:16  Zergling x4  
  53  5:32  Zergling x6  
  51  5:37  Zergling x2  
Show
View Real Time Build Order
Export as new Build Order

tigro Terran 

Build Orders:  

Get SALT Encoding   

  12  0:13  SCV  
  13  0:25  SCV  
  13  0:26  Supply Depot  
  14  0:37  SCV  
  15  0:49  Supply Depot, SCV  
  16  0:53  Barracks  
  16  1:01  SCV  
  17  1:04  Refinery  
  17  1:13  SCV  
  18  1:25  SCV  
  19  1:33  Refinery  
  19  1:38  SCV  
  20  1:41  Marine  
  21  1:50  SCV  
  22  1:59  Marine  
  23  2:02  SCV  
  24  2:14  Factory, SCV  
  25  2:17  Marine  
  25  2:19  Engineering Bay  
  26  2:29  Orbital Command  
  26  2:34  Marine  
  27  2:52  Marine, Terran Infantry Weapons Level 1  
  27  2:58  Factory Tech Lab  
  28  3:19  Command Center, Barracks Tech Lab  
  28  3:21  Siege Tank  
  31  3:38  SCV  
  32  3:48  Combat Shield  
  32  3:50  SCV  
  33  4:02  SCV  
  34  4:14  SCV  
  35  4:26  SCV  
  36  4:33  Refinery  
  36  4:34  SCV  
  37  4:46  SCV  
  37  4:52  Siege Tank  
  41  4:58  SCV  
  41  4:59  Refinery  
  42  5:10  SCV  
  38  5:17  Marine  
  36  5:22  SCV  
  36  5:24  Siege Tank  
  31  5:54  Supply Depot  
Show
View Real Time Build Order
Export as new Build Order

TATORREA Protoss 

Build Orders:  

Get SALT Encoding   

  12  0:02  Probe  
  13  0:14  Probe  
  14  0:26  Probe  
  14  0:27  Pylon  
  15  0:45  Probe  
  16  0:52  Gateway  
  16  0:57  Probe  
  16  0:58  Gateway  
  17  1:09  Probe  
  18  1:15  Assimilator  
  18  1:21  Probe  
  18  1:22  Pylon  
  18  1:24  Assimilator  
  19  1:33  Probe  
  19  1:34  Pylon  
  20  1:46  Cybernetics Core  
  20  1:48  Probe (Chrono Boost)  
  21  1:59  Probe (Chrono Boost)  
  22  2:04  Probe (Chrono Boost)  
  22  2:06  Gateway  
  23  2:22  Probe  
  23  2:28  Twilight Council  
  23  2:35  Warp Gate  
  23  2:42  Adept x2  
  27  2:53  Adept  
  27  2:58  Resonating Glaives (Chrono Boost)  
  29  3:16  Forge  
  29  3:19  Adept  
  29  3:20  Adept  
  31  3:23  Adept  
  35  3:43  Nexus  
  35  3:47  Pylon  
  35  3:53  Protoss Ground Weapons Level 1 (Chrono Boost)  
  35  3:54  Pylon  
  35  4:19  Probe  
  36  4:31  Probe  
  37  4:43  Adept x2  
  37  4:44  Adept  
  31  4:57  Probe x2  
  33  5:09  Probe x2  
  33  5:12  Photon Cannon  
  29  5:15  Photon Cannon  
  29  5:17  Photon Cannon  
  29  5:21  Probe  
  29  5:27  Gateway  
  30  5:30  Gateway  
Show
View Real Time Build Order
Export as new Build Order

Geno Zerg 

Build Orders: Pool First 

Get SALT Encoding   

  12  0:02  Drone  
  13  0:13  Overlord  
  13  0:21  Drone  
  14  0:32  Drone x2  
  16  0:44  Spawning Pool  
  16  0:46  Drone  
  16  0:49  Drone  
  17  0:53  Extractor  
  16  0:59  Drone  
  17  1:08  Drone  
  18  1:26  Drone  
  18  1:31  Hatchery  
  18  1:32  Drone  
  19  1:42  Queen  
  19  1:46  Drone  
  22  1:54  Overlord  
  22  2:03  Baneling Nest  
  21  2:14  Drone x2  
  23  2:24  Zergling x2  
  23  2:29  Metabolic Boost  
  24  2:31  Queen  
  26  2:37  Drone  
  27  2:59  Zergling x12  
  33  3:18  Drone x3  
  36  3:20  Overlord  
  36  3:40  Drone x3  
  36  3:41  Drone x3  
  42  3:53  Zergling x4  
  44  4:04  Lair  
  44  4:06  Overlord x2  
  44  4:26  Baneling x2  
  44  4:27  Baneling x3  
  44  4:29  Zergling x2  
  44  4:30  Zergling x10  
  46  4:52  Zergling x14  
  53  4:53  Zergling x4  
  49  5:18  Zergling x2  
  49  5:19  Zergling x16  
Show
View Real Time Build Order
Export as new Build Order

TaoPaiPai Protoss 

Build Orders:  

Get SALT Encoding   

  12  0:03  Probe  
  13  0:15  Probe  
  14  0:28  Probe  
  15  0:46  Pylon  
  15  0:49  Pylon  
  15  0:54  Pylon  
  15  0:57  Pylon  
  15  1:05  Assimilator  
  15  1:08  Assimilator  
  15  1:27  Gateway  
  15  1:31  Gateway  
  15  1:51  Gateway  
  15  1:54  Gateway  
  15  2:07  Pylon  
  15  2:14  Pylon  
  15  2:20  Pylon  
  15  2:24  Pylon  
  15  2:35  Probe  
  16  2:37  Cybernetics Core  
  16  2:47  Forge, Probe  
  17  2:59  Probe  
  18  3:10  Zealot  
  18  3:11  Zealot x3  
  26  3:37  Zealot  
  26  3:38  Zealot x2  
  26  3:39  Zealot  
  34  4:05  Twilight Council  
  34  4:19  Zealot x4  
  40  5:04  Zealot x4  
  48  5:31  Zealot  
Show
View Real Time Build Order
Export as new Build Order

ClauPGO Terran 

Build Orders:  

Get SALT Encoding   

  12  0:01  SCV  
  13  0:14  Supply Depot  
  13  0:22  Refinery  
  13  0:25  SCV  
  14  0:41  Barracks  
  14  0:47  SCV  
  15  0:59  SCV  
  16  1:07  Barracks  
  16  1:12  SCV  
  17  1:24  SCV  
  18  1:28  Barracks  
  18  1:31  Marine  
  19  1:43  Orbital Command  
  19  1:59  Barracks Tech Lab  
  19  2:01  Barracks Reactor  
  19  2:15  SCV  
  20  2:19  Barracks Reactor  
  20  2:27  SCV  
  21  2:33  Supply Depot  
  21  2:37  Marine  
  21  2:40  SCV  
  23  2:44  Refinery  
  23  2:55  Marine x3  
  23  2:56  Supply Depot  
  26  3:01  Marine x2  
  28  3:09  SCV  
  29  3:13  Marine  
  29  3:19  Supply Depot, Marine x2  
  32  3:21  SCV  
  33  3:33  SCV  
  34  3:41  Supply Depot  
  34  3:45  SCV  
  35  3:50  Marine x2  
  35  3:51  Marine x2  
  35  3:52  Marine  
  40  4:01  SCV  
  41  4:04  Supply Depot  
  41  4:08  Marine x2  
  41  4:09  Marine x2  
  45  4:13  SCV  
  46  4:28  Supply Depot, Marine x5  
  51  4:45  Marine  
  51  4:46  Marine  
  51  4:51  Supply Depot  
  53  4:54  Marine x3  
  56  5:03  Marine x2  
  55  5:11  Marine  
  55  5:12  Marine x2  
  55  5:14  Supply Depot  
  54  5:21  Marine x2  
  56  5:29  Marine x2  
  56  5:30  Marine  
  58  5:39  Marine x2  
Tags
 
Add a new tag
Caveats
  • Supply blocks, unpowered buildings, or Contaminate may cause inaccurate times.
  • Supply counts are checked every 10 seconds.